 Dungeon Sprint DCSS version 0.29.1-15-g9cfb28693d (webtiles) character file.

Game seed: 751372667595968542

10 Groucho the Ducker (level 2, -1/14 HPs)
             Began as a Felid Fighter on Mar 18, 2023.
             Slain by an ice beast (13 damage)
             ... in the Dungeon (Sprint IX: "|||||||||||||||||||||||||||||").
             The game lasted 00:00:38 (347 turns).

Groucho the Ducker (Felid Fighter)                   Turns: 347, Time: 00:00:39

Health: -1/14      AC:  1    Str: 12    XL:     2   Next: 10%
Magic:  4/4        EV: 18    Int:  9    God:
Gold:   0          SH:  0    Dex: 15    Spells: 1/1 levels left
                                        Lives:  0   Deaths: 0

rFire   . . .      SeeInvis +     - Unarmed
rCold   . . .      Faith    .   (shield unavailable)
rNeg    . . .      Spirit   .   (body armour unavailable)
rPois   .          Reflect  .   (helmet unavailable)
rElec   .          Harm     .   (cloak unavailable)
rCorr   .          Rampage  .   (gloves unavailable)
Will    .....      NoTele   +   (boots unavailable)
Stlth   ++........              (no amulet)
HPRegen 0.04/turn               (no ring)
MPRegen 0.09/turn               (no ring)

@: quick
A: very small, claws 1, fangs 3, see invisible, speed 1, shaggy fur 1, stealthy
paws, no weapons or thrown items, no armour, multi-lived
a: no special abilities


You were in the Dungeon.
You visited 1 branch

Inventory:

Scrolls
 g - a scroll of blinking
Potions
 a - a potion of might
 c - a potion of heal wounds
 d - a potion of haste
 e - 2 potions of magic
 f - a potion of berserk rage


   Skills:
 + Level 3.3 Fighting
 + Level 4.5 Dodging
 * Level 3.0 Stealth
 + Level 4.2 Unarmed Combat
 * Level 2.0 Invocations


You had one spell level left.
You didn't know any spells.
Your spell library was empty.

Dungeon Overview and Level Annotations

Branches:
Dungeon (1/1)

Altars:


Innate Abilities, Weirdness & Mutations

You have sharp claws.
You have razor-sharp teeth.
You have supernaturally acute eyesight. (SInv)
You cover ground quickly. (Speed+)
You are covered in fur. (AC +1)
Your paws help you pounce on unaware monsters.
You are incapable of wielding weapons or throwing items.
You cannot wear armour.
You gain extra lives every three experience levels.


Message History

You start waiting.
Done waiting.
You start waiting.
Done waiting.
You start waiting.
Done waiting.
As you open the door, it creaks loudly!
An ufetubus, an ice beast, a black bear, an orc wizard and an iguana come into view.
The black bear growls angrily.
The ufetubus completely misses you.
The ufetubus hits you but does no damage.
You closely miss the ufetubus.
The iguana hisses angrily.
Your bite misses the ufetubus. The ufetubus closely misses you.
The ufetubus misses you.
You scratch the ufetubus.
The ufetubus is heavily wounded.
The orc wizard gestures wildly while chanting.
The orc wizard flickers and vanishes for a moment.
The ufetubus hits you. The ufetubus closely misses you.
You barely miss the ufetubus.
The ufetubus is heavily wounded.
The ufetubus misses you. x2; The ufetubus closely misses you. x2
You scratch the ufetubus but do no damage.
The ufetubus is heavily wounded.
The ufetubus barely misses you. The ufetubus closely misses you.
Unknown command.
Unknown command.
You scratch the ufetubus.
You kill the ufetubus!
Your Stealth skill increases to level 3!
Your Invocations skill increases to level 2!
You have reached level 2!
Unknown command.
Unknown command.
You claw the ice beast!
The ice beast is moderately wounded.
The ice beast hits you. The ice beast freezes you!
Ouch! That really hurt!
You die... ▓▓▓▓▓▓▓▓▓▓▓▓▓▓▓▓▓▓ ▓<...'÷...@Y.hol.+ ▓▓▓▓▓▓▓▓▓▓▓▓▓▓▓▓▓▓

You could see a black bear, an ice beast, an iguana and an orc wizard (invisible).

Vanquished Creatures
  An ufetubus (D)
  2 endoplasms (D)
  A ball python (D)
  A frilled lizard (D)
  A rat (D)
6 creatures vanquished.

Notes
Turn   | Place    | Note
-------+----------+-------------------------------------------
     0 | D        | Groucho the Felid Fighter began the quest for the Orb.
     0 | D        | Reached XP level 1. HP: 10/10 MP: 2/2
    10 | D        | Reached skill level 1 in Stealth
    13 | D        | Reached skill level 1 in Invocations
   341 | D        | Noticed an ice beast
   341 | D        | Noticed a black bear
   341 | D        | Noticed an orc wizard
   341 | D        | Noticed an iguana
   347 | D        | Reached XP level 2. HP: 12/14 MP: 4/4
   347 | D        | Slain by an ice beast

Illustrated notes

Levels and vault maps discovered:
D:        linesprint [early_d, line_temple, items_1, d_10, items_2, lair_1,
          lair_end, items_3, orc_1, orc_end, items_4, d_15, swamp_1, shoals_1,
          snake_1, spider_1, d_20, vaults_1, items_5, swamp_end, shoals_end,
          snake_end, spider_end, vaults_end, d_27, items_6, zot_1, zot_end,
          crypt_end, forest_end, elf_end, slime_end, tomb_end, abyss_end,
          pan_hell_end]

Skill      XL: |  1 |
---------------+----+-----
Stealth        | 3 |  3.0
Invocations    | 2 |  2.0
Fighting       | |  3.3
Dodging        | |  4.5
Unarmed Combat | |  4.2

Action                   || total
-------------------------++-------
Melee: Unarmed           ||    18
       Bite              ||     2
  Use: Potion            ||     1
Armor: Skin              ||     1
Dodge: Dodged            ||    16
